 Dungeon Sprint DCSS version 0.29-a0-914-g906f1d757c (webtiles) character file.

Game seed: 12226261908639651767

803614 MordorOrchid the Genius of the Arcane (level 21, -3/204 HPs)
             Began as a Gnoll Wanderer on July 26, 2022.
             Was the Champion of Sif Muna.
             Killed by divine providence
             ... invoked by a daeva
              (15 damage)
             ... in the Dungeon (Sprint IX: "|||||||||||||||||||||||||||||").
             The game lasted 03:00:49 (13009 turns).

MordorOrchid the Genius of the Arcane (GnWn)       Turns: 13009, Time: 03:00:50

Health: -3/204     AC: 38    Str: 10    XL:     21   Next: 94%
Magic:  38/61      EV: 22    Int: 21    God:    Sif Muna [******]
Gold:   513        SH: 28    Dex: 20    Spells: 2/74 levels left

rFire   + + .      SeeInvis .   L - +5 double sword of the Chickpea {freeze, rC++ Str+4 Dex-3}
rCold   + . .      Faith    .   l - +2 tower shield
rNeg    + . .      Spirit   .   m - +8 fire dragon scales
rPois   +          Reflect  .   P - +2 helmet
rElec   +          Harm     .   W - +2 cloak
rCorr   .          Rampage  .   X - +0 pair of gloves {Stlth+}
Will    +++..      Rage     3%  U - +0 pair of boots {Stlth+}
Stlth   ++++...... NoTele   +   o - amulet "Peleclah" {RegenMP Contam rElec rPois Dex+4}
HPRegen 0.44/turn               r - ring of the Heavens {rPois rN+ Will+ MP+9 Int+3}
MPRegen 0.77/turn               F - ring of the Middle {rPois Will+ Str-2 Dex+3 Slay+3}

@: channelling, very slightly contaminated, hasted, very quick
A: fangs 1, strong nose, distributed training, berserk 1, deterioration 1, dopey
1, weak 1
0: Orb of Zot
}: 17/17 runes: decaying, serpentine, barnacled, slimy, elven, silver, golden,
iron, obsidian, icy, bone, abyssal, glowing, magical, fiery, dark, gossamer
a: Renounce Religion, Channel Magic, Forget Spell, Divine Exegesis


You were in the Dungeon.
You worshipped Sif Muna.
Sif Muna was exalted by your worship.
You visited 1 branch You collected 1997 gold pieces.
You spent 1484 gold pieces at shops.

Inventory:

Hand Weapons
 a - a +6 vampiric scimitar
 b - the +7 sceptre of Asmodeus
   (You took it off Asmodeus in the Dungeon)

   It can be evoked to summon fiery demons, with success rate depending on
   Evocations skill.
   Those summoned this way will remain friendly only for a limited time.
 y - a +2 rapier of draining
 L - the +5 double sword of the Chickpea (weapon) {freeze, rC++ Str+4 Dex-3}
   (You found it in the Dungeon)

   It freezes those it strikes, dealing additional cold damage.
   It can also slow down cold-blooded creatures.
   Str:       It affects your strength (+4).
   Dex:       It affects your dexterity (-3).
   rC:        It greatly protects you from cold.
 Q - the +4 staff of Dispater
   (You took it off Dispater in the Dungeon)

   It can be evoked to hurl damnation at the cost of health and magic, with
   strength depending on Evocations skill.
 S - a +0 eudemon blade of holy wrath
Missiles
 e - 7 javelins (quivered)
 B - 4 silver boomerangs
 R - a throwing net
Armour
 l - a +2 tower shield (worn)
 m - +8 fire dragon scales (worn)
 n - +1 acid dragon scales
 C - +4 gold dragon scales
 P - a +2 helmet (worn)
 U - a +0 pair of boots of stealth (worn)
 W - a +2 cloak (worn)
 X - a +0 pair of gloves of stealth (worn)
Magical Staves
 t - a staff of poison
 J - a staff of conjuration
Jewellery
 o - the amulet "Peleclah" (around neck) {RegenMP Contam rElec rPois Dex+4}
   (You found it in the Dungeon)

   [amulet of magic regeneration]

   It increases your rate of magic regeneration.
   Dex:       It affects your dexterity (+4).
   rElec:     It insulates you from electricity.
   rPois:     It protects you from poison.
   Contam:    It causes magical contamination when unequipped.
 r - the ring of the Heavens (left hand) {rPois rN+ Will+ MP+9 Int+3}
   (You found it in the Dungeon)

   [ring of poison resistance]

   Int:       It affects your intelligence (+3).
   rPois:     It protects you from poison.
   rN:        It protects you from negative energy.
   MP:        It affects your magic capacity (+9).
   Will:      It increases your willpower.
 u - the ring "Wujalesu" {Fly rElec rC- Will++ rCorr}
   (You found it in the Dungeon)

   [ring of resist corrosion]

   rC:        It makes you vulnerable to cold.
   rElec:     It insulates you from electricity.
   Fly:       It grants you flight.
   rCorr:     It protects you from acid and corrosion.
   Will:      It greatly increases your willpower.
 D - the ring of the Sun {rC+ Will++ rCorr Int+4 Slay-5}
   (You found it in the Dungeon)

   [ring of protection from cold]

   Int:       It affects your intelligence (+4).
   Slay:      It affects your accuracy & damage with ranged weapons and melee
   (-5).
   rC:        It protects you from cold.
   rCorr:     It protects you from acid and corrosion.
   Will:      It greatly increases your willpower.
 F - the ring of the Middle (right hand) {rPois Will+ Str-2 Dex+3 Slay+3}
   (You found it in the Dungeon)

   [ring of slaying]

   Str:       It affects your strength (-2).
   Dex:       It affects your dexterity (+3).
   Slay:      It affects your accuracy & damage with ranged weapons and melee
   (+3).
   rPois:     It protects you from poison.
   Will:      It increases your willpower.
 K - a ring of protection from fire
 M - a ring of protection from cold
 T - a +6 ring of intelligence
Wands
 k - a wand of quicksilver (1)
 G - a wand of paralysis (12)
Scrolls
 i - a scroll of summoning
 j - 5 scrolls of blinking
 p - a scroll of butterflies
 q - a scroll of immolation
 x - 7 scrolls of identify
 I - 5 scrolls of fear
Potions
 c - 2 potions of haste
 f - 7 potions of heal wounds
 g - 9 potions of magic
 h - 11 potions of curing
 v - a potion of lignification
 H - 2 potions of mutation
 V - a potion of might
 Y - a potion of resistance
 Z - 3 potions of berserk rage
Miscellaneous
 E - the horn of Geryon
 O - a condenser vane


   Skills:
 O Level 27 Fighting
 O Level 27 Short Blades
 O Level 27 Long Blades
 O Level 27 Axes
 O Level 27 Maces & Flails
 O Level 27 Polearms
 O Level 27 Staves
 O Level 27 Ranged Weapons
 O Level 27 Throwing
 O Level 27 Armour
 O Level 27 Dodging
 O Level 27 Stealth
 O Level 27 Shields
 O Level 27 Unarmed Combat
 O Level 27 Spellcasting
 O Level 27 Conjurations
 O Level 27 Hexes
 O Level 27 Summonings
 O Level 27 Necromancy
 O Level 27 Translocations
 O Level 27 Transmutations
 O Level 27 Fire Magic
 O Level 27 Ice Magic
 O Level 27 Air Magic
 O Level 27 Earth Magic
 O Level 27 Poison Magic
 O Level 27 Invocations
 O Level 27 Evocations


You had 2 spell levels left.
You knew the following spells:

 Your Spells              Type           Power      Damage    Failure   Level
a - Freeze                Ice            100%       1d11      0%          1
f - Ignition              Fire           48%        3d14      1%          8
l - Freezing Cloud        Conj/Ice/Air   48%        6-21      0%          5
o - Manifold Assault      Tloc           96%        N/A       0%          5
p - Passage of Golubria   Tloc           96%        N/A       0%          4
s - Spellforged Servitor  Conj/Summ      48%        N/A       1%          7
x - Blink                 Tloc           100%       N/A       0%          2
E - Borgnjor's Vile Clut  Necr/Erth      48%        N/A       0%          5
F - Fire Storm            Conj/Fire      48%        8d12      4%          9
I - Orb of Destruction    Conj           48%        9d13      1%          7
N - Necromutation         Tmut/Necr      48%        N/A       1%          8
R - Irradiate             Conj/Tmut      48%        3d27      0%          5
Y - Statue Form           Tmut/Erth      64%        N/A       0%          6

Your spell library contained the following spells:

 Spells                   Type           Power      Damage    Failure   Level
 Apportation              Tloc           100%       N/A       0%          1
 Beastly Appendage        Tmut           100%       N/A       0%          1
 Foxfire                  Conj/Fire      100%       2x1d9     0%          1
 Magic Dart               Conj           100%       1d8       0%          1
 Necrotise                Necr           100%       1d9       0%          1
 Sandblast                Erth           100%       2d20      0%          1
 Shock                    Conj/Air       100%       1d9       0%          1
 Slow                     Hex            100%       N/A       0%          1
 Sting                    Tmut/Pois      100%       1d8       0%          1
 Summon Small Mammal      Summ           100%       N/A       0%          1
 Call Imp                 Summ           96%        N/A       0%          2
 Ensorcelled Hibernation  Hex/Ice        100%       N/A       0%          2
 Passwall                 Tmut/Erth      80%        N/A       0%          2
 Poisonous Vapours        Pois/Air       100%       N/A       0%          2
 Scorch                   Fire           100%       2d10      0%          2
 Searing Ray              Conj           100%       2d8       0%          2
 Static Discharge         Conj/Air       96%        3-15/arc  0%          2
 Sublimation of Blood     Necr           96%        N/A       0%          2
 Wereblood                Tmut           96%        N/A       0%          2
 Call Canine Familiar     Summ           96%        N/A       0%          3
 Confusing Touch          Hex            96%        N/A       0%          3
 Conjure Flame            Conj/Fire      96%        6-21      0%          3
 Dazzling Flash           Conj/Hex       100%       N/A       0%          3
 Frozen Ramparts          Ice            100%       1d12      0%          3
 Gell's Gravitas          Tloc           96%        N/A       0%          3
 Ignite Poison            Fire/Tmut/Pois 96%        N/A       0%          3
 Inner Flame              Hex/Fire       96%        N/A       0%          3
 Lesser Beckoning         Tloc           96%        N/A       0%          3
 Mephitic Cloud           Conj/Pois/Air  96%        N/A       0%          3
 Ozocubu's Armour         Ice            96%        N/A       0%          3
 Portal Projectile        Hex/Tloc       100%       N/A       0%          3
 Spider Form              Tmut/Pois      96%        N/A       0%          3
 Stone Arrow              Conj/Erth      100%       3d13      0%          3
 Summon Guardian Golem    Hex/Summ       96%        N/A       0%          3
 Swiftness                Air            96%        N/A       0%          3
 Teleport Other           Tloc           96%        N/A       0%          3
 Tukima's Dance           Hex            96%        N/A       0%          3
 Vampiric Draining        Necr           96%        2d12      0%          3
 Airstrike                Air            48%        0-15+     0%          4
 Anguish                  Hex/Necr       48%        N/A       0%          4
 Animate Armour           Summ/Erth      100%       N/A       0%          4
 Animate Dead             Necr           96%        N/A       0%          4
 Cause Fear               Hex            48%        N/A       0%          4
 Corpse Rot               Necr/Pois/Air  96%        N/A       0%          4
 Dispel Undead            Necr           96%        3d30      0%          4
 Flame Wave               Conj/Fire      96%        2d16      0%          4
 Fulminant Prism          Conj/Hex       48%        3d21      0%          4
 Hailstorm                Conj/Ice       96%        3d19      0%          4
 Ice Form                 Ice/Tmut       96%        N/A       0%          4
 Iskenderun's Mystic Bla  Conj/Tloc      96%        2d19      0%          4
 Leda's Liquefaction      Hex/Erth       48%        N/A       0%          4
 Olgreb's Toxic Radiance  Pois           96%        N/A       0%          4
 Petrify                  Tmut/Erth      96%        N/A       0%          4
 Sticky Flame             Conj/Fire      96%        2d11      0%          4
 Summon Ice Beast         Ice/Summ       96%        N/A       0%          4
 Summon Lightning Spire   Summ/Air       96%        N/A       0%          4
 Agony                    Necr           96%        N/A       0%          5
 Alistair's Intoxication  Tmut/Pois      64%        N/A       0%          5
 Blade Hands              Tmut           48%        N/A       0%          5
 Fireball                 Conj/Fire      48%        3d19      0%          5
 Iskenderun's Battlesphe  Conj           96%        2d14      0%          5
 Lee's Rapid Deconstruct  Erth           48%        3d24*     0%          5
 Lightning Bolt           Conj/Air       48%        1d68      0%          5
 Metabolic Englaciation   Hex/Ice        48%        N/A       0%          5
 Silence                  Hex/Air        48%        N/A       0%          5
 Summon Forest            Summ/Tloc      48%        N/A       0%          5
 Summon Mana Viper        Hex/Summ       96%        N/A       0%          5
 Yara's Violent Unravell  Hex/Tmut       48%        3d19      0%          5
 Conjure Ball Lightning   Conj/Air       48%        3x3d17    0%          6
 Death Channel            Necr           48%        N/A       0%          6
 Dispersal                Tloc           48%        N/A       0%          6
 Eringya's Noxious Bog    Tmut/Pois      48%        N/A       0%          6
 Iron Shot                Conj/Erth      48%        9d9       0%          6
 Simulacrum               Ice/Necr       48%        N/A       0%          6
 Starburst                Conj/Fire      48%        6d13      0%          6
 Summon Cactus Giant      Summ           48%        N/A       0%          6
 Dragon Form              Tmut           48%        N/A       1%          7
 Enfeeble                 Hex            48%        N/A       1%          7
 Haunt                    Necr/Summ      48%        N/A       1%          7
 Malign Gateway           Summ/Tloc      48%        N/A       1%          7
 Monstrous Menagerie      Summ           48%        N/A       1%          7
 Ozocubu's Refrigeration  Ice            48%        4d14      1%          7
 Storm Form               Tmut/Air       48%        N/A       1%          7
 Summon Hydra             Summ           48%        N/A       1%          7
 Borgnjor's Revivificati  Necr           48%        N/A       1%          8
 Discord                  Hex            48%        N/A       1%          8
 Disjunction              Tloc           48%        N/A       1%          8
 Infestation              Necr           48%        N/A       1%          8
 Lehudib's Crystal Spear  Conj/Erth      48%        10d11     1%          8
 Maxwell's Capacitive Co  Air            48%        ∞         1%          8
 Summon Horrible Things   Summ           48%        N/A       1%          8
 Chain Lightning          Conj/Air       48%        3d64      4%          9
 Death's Door             Necr           48%        N/A       4%          9
 Dragon's Call            Summ           48%        N/A       4%          9
 Polar Vortex             Ice            48%        N/A       4%          9
 Shatter                  Erth           48%        3d37*     4%          9


Dungeon Overview and Level Annotations

Branches:
Dungeon (1/1)

Altars:
Cheibriados
Dithmenos
Elyvilon
Fedhas
Gozag
Hepliaklqana
Kikubaaqudgha
Makhleb
Nemelex Xobeh
Okawaru
Qazlal
Ru
Sif Muna
Trog
Uskayaw
Vehumet
Wu Jian
Xom
Yredelemnul
Zin
The Shining One
Jiyva
Lugonu

Shops:
D [(([


Innate Abilities, Weirdness & Mutations

You have very sharp teeth.
Your uncanny sense of smell can sniff out nearby items.
Your experience applies equally to all skills.
You sometimes lose your temper in combat.
Your body sometimes deteriorates upon taking damage.
You are dopey. (Int -2)
You are weak. (Str -2)


Message History

The Shining One smites you!
* * * LOW HITPOINT WARNING * * *
Casting: Orb of Destruction (safe; 1% risk of failure)
Confirm with . or Enter, or press ? or * to list all spells.
Aiming: Orb of Destruction (safe; 1% risk of failure)
Press: ? - help, Shift-Dir - straight line, f/p - Brimstone Fiend
Aim: a Brimstone Fiend (magical condensation, severely wounded)
Okay, then.
Unknown command.
Casting: Orb of Destruction (safe; 1% risk of failure)
Confirm with . or Enter, or press ? or * to list all spells.
You erupt in a fountain of uncontrolled magic!
The Brimstone Fiend is blasted with magical radiation!!!
You kill the Brimstone Fiend!
Sif Muna accepts your kill.
You are very lightly contaminated with residual magic.
The daeva hits your spellforged servitor with a +5 long sword of holy wrath!
The daeva barely misses your spellforged servitor.
Unknown command.
The daeva calls down the wrath of the Shining One upon you.
The Shining One smites you!
* * * LOW HITPOINT WARNING * * *
You cannot drink potions in your current state!
Unknown command.
Unknown command.
You feel yourself come back to life.
The daeva hits your spellforged servitor with a +5 long sword of holy wrath! x2
You feel yourself speed up.
Your spellforged servitor launches a ball of destructive magic.
The daeva blocks your orb of destruction.
The daeva hits your spellforged servitor with a +5 long sword of holy wrath!!
The daeva hits your spellforged servitor but does no damage.
The daeva calls down the wrath of the Shining One upon you.
The Shining One smites you!
* * * LOW HITPOINT WARNING * * *
Your spellforged servitor launches a ball of destructive magic.
The wavering orb of destruction weakly hits the daeva!!
The daeva calls down the wrath of the Shining One upon you.
The Shining One smites you!
You die...

..........[......................
▓▓▓▓▓▓▓▓▓▓▓▓▓▓▓▓▓▓▓▓▓▓▓▓▓▓▓▓▓▓▓▓▓
.............[[[......))))))...=.
▓▓▓▓▓▓▓▓▓▓▓▓▓▓▓▓▓▓▓▓▓▓▓▓▓▓▓▓▓▓▓▓▓
.................................
▓▓▓▓▓▓▓▓▓▓▓▓▓▓▓▓▓▓▓▓▓▓▓▓▓▓▓▓▓♣♣♣♣
)........)))))'..........†.††.†..
▓▓▓▓▓▓▓▓▓▓▓▓▓▓▓▓▓▓▓▓▓▓▓▓▓▓▓▓▓♣♣♣♣
................@.....9A.........
▓▓▓▓▓▓▓▓▓▓▓▓▓▓▓▓▓▓▓▓▓▓▓▓▓▓▓▓▓▓▓▓▓
.......)).[[)+§.[..)..[..[[[...)[
▓▓▓▓▓▓▓▓▓▓▓▓▓▓▓▓▓▓▓▓▓▓▓▓▓▓▓▓▓▓▓▓▓
....[[..§§............[.)).......
▓▓▓▓▓▓▓▓▓▓▓▓▓▓▓▓▓▓▓▓▓▓▓▓▓▓▓▓▓▓▓▓▓
).........[..[[[.[[[...))))))....
▓▓▓▓▓▓▓▓▓▓▓▓▓▓▓▓▓▓▓▓▓▓▓▓▓▓▓▓▓▓▓▓▓
..........[......................


You could see a daeva (ally target) and a friendly spellforged servitor
(summoned).

Vanquished Creatures
  Cerebov (D)
  Antaeus (D)
  Asmodeus (D)
  the Royal Jelly (D)
  Ereshkigal (D)
  Gloorx Vloq (D)
  Lom Lobon (D)
  Mnoleg (D)
  Dispater (D)
  An orb of fire (D)
  5 ancient liches (D)
  Mara (D)
  Mennas (D)
  Sojobo (D)
  Boris (D)
  Frederick (D)
  7 royal mummies (D)
  A Killer Klown (D)
  Geryon (D)
  A curse toe (D)
  Xtahua (D)
  4 golden dragons (D)
  A caustic shrike (D)
  3 electric golems (D)
  2 Brimstone Fiends (D)
  A pandemonium lord (D)
  A tentacled monstrosity (D)
  4 liches (D)
  28 Orb Guardians (D)
  3 deep elf blademasters (D)
  5 deep elf master archers (D)
  9 acid blobs (D)
  An Executioner (D)
  13 sphinxes (D)
  2 death cobs (D)
  4 storm dragons (D)
  Kirke (D)
  2 tengu reavers (D)
  Ilsuiw (D)
  4 rockslimes (D)
  8 shadow dragons (D)
  A demonspawn warmonger (D)
  5 nagarajas (D)
  2 draconian monks (D)
  10 azure jellies (D)
  A frost giant (D)
  4 emperor scorpions (D)
  3 draconian knights (D)
  3 fire giants (D)
  3 vault wardens (D)
  Aizul (D)
  Louise (D)
  6 ghost moths (D)
  2 draconian annihilators (D)
  A draconian shifter (D)
  A reaper (D)
  6 ironbound preservers (D)
  A draconian stormcaller (D)
  5 quicksilver oozes (D)
  An ironbound thunderhulk (D)
  9 stone giants (D)
  4 very ugly things (D)
  A green draconian (D)
  7 vampire knights (D)
  A starcursed mass (D)
  A deep elf demonologist (D)
  2 bunyips (D)
  3 dire elephants (D)
  An eleionoma (D)
  3 red draconians (D)
  A spark wasp (D)
  3 deep elf annihilators (D)
  5 black draconians (D)
  4 white draconians (D)
  2 yellow draconians (D)
  Snorg (D)
  6 mummy priests (D)
  4 merfolk javelineers (D)
  2 ettins (D)
  A deep elf high priest (D)
  A great orb of eyes (D)
  4 merfolk impalers (D)
  Josephine (D)
  3 fire dragons (D)
  4 yaktaur captains (D)
  2 ice dragons (D)
  2 ghost crabs (D)
  13 hydras (D)
  An ogre mage (D)
  A catoblepas (D)
  2 ironbound frosthearts (D)
  A spriggan air mage (D)
  A rakshasa (D)
  25 vault guards (D)
  A merfolk aquamancer (D)
  A merfolk avatar (D)
  4 centaur warriors (D)
  3 naga warriors (D)
  A two-headed ogre (D)
  An anaconda (D)
  2 deep troll shamans (D)
  2 tengu warriors (D)
  A death yak (D)
  An orc high priest (D)
  A shock serpent (D)
  2 deep troll earth magi (D)
  A naga sharpshooter (D)
  A thrashing horror (D)
  A soul eater (D)
  Nergalle (D)
  2 pharaoh ants (D)
  A sea snake (D)
  A salamander mystic (D)
  A phantasmal warrior (D)
  A shadow demon (D)
  3 swamp dragons (D)
  3 ironbound convokers (D)
  A harpy (D)
  A deep elf pyromancer (D)
  A wizard (D)
  A lindwurm (D)
  9 orc knights (D)
  2 wolf spiders (D)
  A mana viper (D)
  2 ugly things (D)
  A worldbinder (D)
  A manticore (D)
  2 will-o-the-wisps (D)
  6 moths of wrath (D)
  An elephant (D)
  2 smoke demons (D)
  A black mamba (D)
  4 naga magi (D)
  A moth of wrath (shapeshifter) (D)
  An orange demon (D)
  A gargoyle (D)
  2 guardian serpents (D)
  7 cane toads (D)
  3 demonic crawlers (D)
  A tormentor (D)
  A freezing wraith (D)
  2 komodo dragons (D)
  15 guardian mummies (D)
  A troll (shapeshifter) (D)
  A wandering mushroom (D)
  A troll (D)
  A red devil (D)
  5 merfolk (D)
  A tarantella (D)
  2 raiju (D)
  A slime creature (D)
  2 blink frogs (D)
  2 snapping turtles (D)
  4 jumping spiders (D)
  A culicivora (D)
  11 spriggans (D)
  A hog (D)
  3 yaks (D)
  A wyvern (D)
  A ynoxinul (D)
  Grum (D)
  4 wraiths (D)
  A redback (D)
  2 acid dragons (D)
  2 vampire mosquitoes (D)
  2 nagas (D)
  A hell hound (D)
  A water moccasin (D)
  4 floating eyes (D)
  16 orc warriors (D)
  A swamp drake (D)
  A black bear (shapeshifter) (D)
  A wolf (D)
  5 bullfrogs (D)
  2 scorpions (D)
  A killer bee (D)
  A howler monkey (D)
  2 orc priests (D)
  4 orc wizards (D)
  An adder (D)
  A dart slug (D)
  12 orcs (D)
  A bat (D)
  2 endoplasms (D)
  A quokka zombie (D)
  A rat (D)
  3 ball lightnings (D)
  A fire vortex (D)
527 creatures vanquished.

Vanquished Creatures (collateral kills)
  2 ancient liches (D)
  2 orbs of fire (D)
  A lich (D)
  Agnes (D)
  A rockslime (D)
  A deep elf sorcerer (D)
  A fire giant (D)
  A cacodemon (D)
  A draconian annihilator (D)
  A quicksilver ooze (D)
  A yellow draconian (D)
  2 purple draconians (D)
  A fire dragon (D)
  2 ice dragons (D)
  A spriggan berserker (D)
  A swamp dragon (shapeshifter) (D)
  A moth of wrath (D)
21 creatures vanquished.

Vanquished Creatures (others)
  A draconian knight (D)
  2 merfolk aquamancers (D)
  A spriggan druid (D)
  A human (D)
  A wolf (D)
  15 ball lightnings (D)
  38 fire vortices (D)
  4 foxfires (D)
63 creatures vanquished.

Grand Total: 611 creatures vanquished

Notes
Turn   | Place    | Note
-------+----------+-------------------------------------------
     0 | D        | MordorOrchid the Gnoll Wanderer began the quest for the
                  | Orb.
     0 | D        | MordorOrchid set off with the following items: a +0 dagger,
                  | a +0 scale mail, 2 potions of haste, a +2 buckler, a potion
                  | of curing, a potion of heal wounds, 2 potions of magic, a
                  | potion of berserk rage, a scroll of blinking; and the
                  | following spell memorised: Freeze; and the following spells
                  | available to memorise: Ozocubu's Armour.
     0 | D        | Reached XP level 1. HP: 17/17 MP: 4/4
   247 | D        | Reached skill level 1 in Invocations
   253 | D        | Reached skill level 1 in Short Blades
   253 | D        | Reached skill level 1 in Long Blades
   253 | D        | Reached skill level 1 in Axes
   253 | D        | Reached skill level 1 in Maces & Flails
   253 | D        | Reached skill level 1 in Polearms
   253 | D        | Reached skill level 1 in Staves
   253 | D        | Reached skill level 1 in Ranged Weapons
   253 | D        | Reached skill level 1 in Throwing
   253 | D        | Reached skill level 1 in Unarmed Combat
   253 | D        | Reached XP level 2. HP: 15/23 MP: 6/6
   358 | D        | Noticed a scorpion
   358 | D        | Noticed a scorpion
   367 | D        | Reached skill level 1 in Conjurations
   367 | D        | Reached skill level 1 in Hexes
   367 | D        | Reached skill level 1 in Summonings
   367 | D        | Reached skill level 1 in Necromancy
   367 | D        | Reached skill level 1 in Translocations
   367 | D        | Reached skill level 1 in Transmutations
   367 | D        | Reached skill level 1 in Fire Magic
   367 | D        | Reached skill level 1 in Air Magic
   367 | D        | Reached skill level 1 in Earth Magic
   367 | D        | Reached skill level 1 in Poison Magic
   367 | D        | Reached XP level 3. HP: 27/29 MP: 8/8
   382 | D        | Killed a scorpion
   383 | D        | Reached XP level 4. HP: 28/37 MP: 10/10
   412 | D        | Killed a scorpion
   413 | D        | Reached XP level 5. HP: 13/43 MP: 12/12
   679 | D        | Found a snail-covered altar of Cheibriados.
   679 | D        | Found a shadowy altar of Dithmenos.
   679 | D        | Found a white marble altar of Elyvilon.
   679 | D        | Found a blossoming altar of Fedhas.
   679 | D        | Found an opulent altar of Gozag.
   680 | D        | Found a hazy altar of Hepliaklqana.
   681 | D        | Found a viscous altar of Jiyva.
   682 | D        | Found an ancient bone altar of Kikubaaqudgha.
   683 | D        | Found a corrupted altar of Lugonu.
   684 | D        | Found a burning altar of Makhleb.
   685 | D        | Found a sparkling altar of Nemelex Xobeh.
   686 | D        | Found an iron altar of Okawaru.
   687 | D        | Found a stormy altar of Qazlal.
   688 | D        | Found a sacrificial altar of Ru.
   689 | D        | Found a shimmering blue altar of Sif Muna.
   690 | D        | Found a bloodstained altar of Trog.
   691 | D        | Found a hide-covered altar of Uskayaw.
   692 | D        | Found a radiant altar of Vehumet.
   693 | D        | Found an ornate altar of the Wu Jian Council.
   694 | D        | Found a shimmering altar of Xom.
   695 | D        | Found a basalt altar of Yredelemnul.
   696 | D        | Found a glowing silver altar of Zin.
   697 | D        | Became a worshipper of Sif Muna the Loreminder
   698 | D        | Found a glowing golden altar of the Shining One.
   739 | D        | Noticed a wyvern
   739 | D        | Noticed an orc warrior
   739 | D        | Noticed a troll
   749 | D        | Killed a troll
   750 | D        | Reached skill level 5 in Fighting
   750 | D        | Reached skill level 5 in Short Blades
   750 | D        | Reached skill level 5 in Long Blades
   750 | D        | Reached skill level 5 in Axes
   750 | D        | Reached skill level 5 in Maces & Flails
   750 | D        | Reached skill level 5 in Polearms
   750 | D        | Reached skill level 5 in Staves
   750 | D        | Reached skill level 5 in Ranged Weapons
   750 | D        | Reached skill level 5 in Throwing
   750 | D        | Reached skill level 5 in Armour
   750 | D        | Reached skill level 5 in Dodging
   750 | D        | Reached skill level 5 in Stealth
   750 | D        | Reached skill level 5 in Unarmed Combat
   750 | D        | Reached skill level 5 in Spellcasting
   750 | D        | Reached skill level 5 in Invocations
   750 | D        | Reached skill level 5 in Evocations
   750 | D        | Reached XP level 6. HP: 27/52 MP: 12/14
   758 | D        | Reached XP level 7. HP: 31/57 MP: 13/16
   763 | D        | Reached * piety under Sif Muna
   764 | D        | Reached skill level 5 in Ice Magic
   770 | D        | Killed a wyvern
   773 | D        | Reached ** piety under Sif Muna
   774 | D        | Reached skill level 5 in Conjurations
   774 | D        | Reached skill level 5 in Hexes
   774 | D        | Reached skill level 5 in Summonings
   774 | D        | Reached skill level 5 in Necromancy
   774 | D        | Reached skill level 5 in Translocations
   774 | D        | Reached skill level 5 in Transmutations
   774 | D        | Reached skill level 5 in Fire Magic
   774 | D        | Reached skill level 5 in Air Magic
   774 | D        | Reached skill level 5 in Earth Magic
   774 | D        | Reached skill level 5 in Poison Magic
   947 | D        | Learned a level 3 spell: Ozocubu's Armour
   949 | D        | Noticed a manticore
   949 | D        | Noticed a troll
   949 | D        | Noticed a two-headed ogre
   949 | D        | Noticed a vampire mosquito
   949 | D        | Noticed a gargoyle
   967 | D        | Killed a gargoyle
   967 | D        | Killed a vampire mosquito
   968 | D        | Reached XP level 8. HP: 37/67 MP: 17/19
   968 | D        | Killed a two-headed ogre
   968 | D        | Reached *** piety under Sif Muna
   968 | D        | Killed a troll
   968 | D        | Killed a manticore
   969 | D        | Reached skill level 10 in Shields
   969 | D        | Reached XP level 9. HP: 43/75 MP: 17/21
  1173 | D        | Noticed a cane toad
  1173 | D        | Noticed a five-headed hydra
  1173 | D        | Noticed a cane toad
  1173 | D        | Noticed a four-headed hydra
  1173 | D        | Noticed a komodo dragon
  1176 | D        | Killed a komodo dragon
  1176 | D        | Reached **** piety under Sif Muna
  1176 | D        | Killed a five-headed hydra
  1176 | D        | Killed a cane toad
  1176 | D        | Noticed a cane toad
  1177 | D        | Reached XP level 10. HP: 83/83 MP: 18/23
  1177 | D        | Killed a four-headed hydra
  1177 | D        | Killed a cane toad
  1177 | D        | Reached ***** piety under Sif Muna
  1177 | D        | Received a gift from Sif Muna
  1178 | D        | Reached skill level 10 in Invocations
  1179 | D        | Got Sif Muna's Quarto of the Storm and Stolen Souls {god
                  | gift}
  1186 | D        | Learned a level 5 spell: Borgnjor's Vile Clutch
  1202 | D        | Learned a level 5 spell: Lightning Bolt
  1206 | D        | Learned a level 3 spell: Vampiric Draining
  1217 | D        | Killed a cane toad
  1236 | D        | Noticed a cane toad
  1236 | D        | Noticed a death yak
  1236 | D        | Noticed an elephant
  1240 | D        | Reached skill level 10 in Spellcasting
  1240 | D        | Noticed an eight-headed hydra
  1248 | D        | Killed an elephant
  1249 | D        | Reached skill level 10 in Fighting
  1249 | D        | Reached skill level 10 in Armour
  1249 | D        | Reached skill level 10 in Dodging
  1249 | D        | Reached skill level 10 in Stealth
  1249 | D        | Reached skill level 10 in Evocations
  1249 | D        | Killed a cane toad
  1250 | D        | Received a gift from Sif Muna
  1250 | D        | Noticed a cane toad
  1253 | D        | Killed a death yak
  1254 | D        | Reached skill level 10 in Short Blades
  1254 | D        | Reached skill level 10 in Long Blades
  1254 | D        | Reached skill level 10 in Axes
  1254 | D        | Reached skill level 10 in Maces & Flails
  1254 | D        | Reached skill level 10 in Polearms
  1254 | D        | Reached skill level 10 in Staves
  1254 | D        | Reached skill level 10 in Ranged Weapons
  1254 | D        | Reached skill level 10 in Throwing
  1254 | D        | Reached skill level 10 in Unarmed Combat
  1254 | D        | Reached XP level 11. HP: 79/92 MP: 12/25
  1255 | D        | Killed an eight-headed hydra
  1259 | D        | Got Sif Muna's Lectures on Numb Variation {god gift}
  1269 | D        | Learned a level 5 spell: Freezing Cloud
  1275 | D        | Learned a level 5 spell: Yara's Violent Unravelling
  1313 | D        | Received a gift from Sif Muna
  1493 | D        | Received a gift from Sif Muna
  1494 | D        | Got Sif Muna's Compendium of Polar Blows and Bruises {god
                  | gift}
  1574 | D        | Noticed Josephine
  1586 | D        | Killed Josephine
  1656 | D        | Received a gift from Sif Muna
  1657 | D        | Got Sif Muna's Papyrus of the Inferno and Shifting {god
                  | gift}
  1772 | D        | Noticed an orc knight
  1772 | D        | Noticed an orc high priest
  1775 | D        | Reached ****** piety under Sif Muna
  1775 | D        | Received a gift from Sif Muna
  1783 | D        | Killed an orc high priest
  1788 | D        | Killed an orc knight
  1789 | D        | Noticed an orc knight
  1804 | D        | Killed an orc knight
  1804 | D        | Received a gift from Sif Muna
  1805 | D        | Got Muecsuor's Enchiridion on Confrontation and Poison {god
                  | gift}
  1808 | D        | Got Sif Muna's Directory of Charms {god gift}
  1814 | D        | Learned a level 4 spell: Passage of Golubria
  1869 | D        | Found Toolorghe's Antique Armour Boutique.
  1869 | D        | Noticed an orc knight
  1869 | D        | Noticed an orc knight
  1873 | D        | Killed an orc knight
  1873 | D        | Killed an orc knight
  1873 | D        | Noticed an orc knight
  1874 | D        | Reached skill level 10 in Ice Magic
  1874 | D        | Reached XP level 12. HP: 67/102 MP: 5/27
  1911 | D        | Reached skill level 10 in Conjurations
  1911 | D        | Reached skill level 10 in Hexes
  1911 | D        | Reached skill level 10 in Summonings
  1911 | D        | Reached skill level 10 in Necromancy
  1911 | D        | Reached skill level 10 in Translocations
  1911 | D        | Reached skill level 10 in Transmutations
  1911 | D        | Reached skill level 10 in Fire Magic
  1911 | D        | Reached skill level 10 in Air Magic
  1911 | D        | Reached skill level 10 in Earth Magic
  1911 | D        | Reached skill level 10 in Poison Magic
  1926 | D        | Found Zosh's Weapon Shop.
  1941 | D        | Received a gift from Sif Muna
  1942 | D        | Found Acuunweck's Weapon Boutique.
  1945 | D        | Got Sif Muna's Omnibus of Grounded Wicked Rites {god gift}
  1949 | D        | Found Oczus's Armour Shop.
  2002 | D        | Bought a runed scarf for 152 gold pieces
  2034 | D        | Bought a +3 vorpal shortbow for 301 gold pieces
  2034 | D        | Bought a +0 vorpal trident for 100 gold pieces
  2036 | D        | Bought a +2 robe of willpower for 247 gold pieces
  2036 | D        | Bought a +0 scale mail for 56 gold pieces
  2036 | D        | Bought the +5 chain mail of the Louse {Harm Int+4} for 628
                  | gold pieces
  2312 | D        | Noticed an ogre mage
  2312 | D        | Noticed a catoblepas
  2316 | D        | Killed an ogre mage
  2318 | D        | Killed a catoblepas
  2335 | D        | Received a gift from Sif Muna
  2336 | D        | Got Sif Muna's Textbook on Damaging Transfiguration {god
                  | gift}
  2336 | D        | Noticed a centaur warrior
  2342 | D        | Killed a centaur warrior
  2389 | D        | Noticed a centaur warrior
  2399 | D        | Killed a centaur warrior
  2433 | D        | Noticed an ettin
  2440 | D        | Killed an ettin
  2446 | D        | Noticed a deep troll earth mage
  2767 | D        | Noticed an ice dragon
  2771 | D        | Killed a deep troll earth mage
  2777 | D        | Killed an ice dragon
  2780 | D        | Noticed a white very ugly thing
  2798 | D        | Killed a white very ugly thing
  2826 | D        | Noticed a deep troll shaman
  2855 | D        | Killed a deep troll shaman
  2856 | D        | Reached XP level 13. HP: 111/111 MP: 10/30
  2928 | D        | Noticed Snorg
  2934 | D        | Killed Snorg
  2934 | D        | Received a gift from Sif Muna
  2935 | D        | Got Sif Muna's Tome of Generation {god gift}
  2950 | D        | Noticed Aizul
  3029 | D        | Killed Aizul
  3162 | D        | Noticed a merfolk impaler
  3171 | D        | Killed a merfolk impaler
  3172 | D        | Noticed a merfolk impaler
  3183 | D        | Received a gift from Sif Muna
  3183 | D        | Killed a merfolk impaler
  3184 | D        | Got Sif Muna's Encyclopedia of Cold and Silt {god gift}
  3208 | D        | Reached skill level 15 in Shields
  3210 | D        | Received a gift from Sif Muna
  3214 | D        | Got Nuxipoobb's Tractate on the Impact {god gift}
  3227 | D        | Reached skill level 15 in Invocations
  3393 | D        | Killed a ghost moth
  3438 | D        | Noticed a bunyip
  3438 | D        | Noticed an eleionoma
  3441 | D        | Killed an eleionoma
  3451 | D        | Noticed a bunyip
  3452 | D        | Received a gift from Sif Muna
  3470 | D        | Killed a bunyip
  3482 | D        | Killed a bunyip
  3486 | D        | Got Sif Muna's Folio of the Displaced Geologist {god gift}
  3618 | D        | Received a gift from Sif Muna
  3626 | D        | Reached XP level 14. HP: 59/121 MP: 20/32
  3632 | D        | Reached skill level 15 in Spellcasting
  3662 | D        | Got Sif Muna's Compilation of Direction {god gift}
  3673 | D        | Noticed Grum
  3682 | D        | Killed Grum
  3682 | D        | Received a gift from Sif Muna
  3687 | D        | Noticed Kirke
  3695 | D        | Reached skill level 15 in Fighting
  3695 | D        | Reached skill level 15 in Armour
  3695 | D        | Reached skill level 15 in Dodging
  3695 | D        | Reached skill level 15 in Evocations
  3698 | D        | Killed Kirke
  3699 | D        | Reached skill level 15 in Stealth
  3882 | D        | Learned a level 2 spell: Blink
  3888 | D        | Learned a level 5 spell: Irradiate
  3894 | D        | Learned a level 5 spell: Manifold Assault
  3898 | D        | Noticed a stone giant
  3898 | D        | Noticed a stone giant
  3898 | D        | Noticed a stone giant
  3898 | D        | Noticed a white very ugly thing
  3904 | D        | Killed a stone giant
  3905 | D        | Reached skill level 15 in Short Blades
  3905 | D        | Reached skill level 15 in Long Blades
  3905 | D        | Reached skill level 15 in Axes
  3905 | D        | Reached skill level 15 in Maces & Flails
  3905 | D        | Reached skill level 15 in Polearms
  3905 | D        | Reached skill level 15 in Staves
  3905 | D        | Reached skill level 15 in Ranged Weapons
  3905 | D        | Reached skill level 15 in Throwing
  3905 | D        | Reached skill level 15 in Unarmed Combat
  3905 | D        | Killed a stone giant
  3905 | D        | Received a gift from Sif Muna
  3906 | D        | Noticed a fire giant
  3909 | D        | Killed a stone giant
  3913 | D        | Noticed a stone giant
  3915 | D        | Killed a white very ugly thing
  3927 | D        | Killed a fire giant
  3937 | D        | Killed a stone giant
  4041 | D        | Noticed a stone giant
  4119 | D        | Received a gift from Sif Muna
  4120 | D        | Got Sif Muna's Volume of the Sky and Moulding {god gift}
  4384 | D        | Killed a stone giant
  4398 | D        | Noticed a sphinx
  4403 | D        | Paralysed by a sphinx for 3 turns
  4404 | D        | Killed a sphinx
  4502 | D        | Noticed a frost giant
  4515 | D        | Killed a frost giant
  4524 | D        | Got Paimic's Folio of Unholy Shapes {god gift}
  4570 | D        | Noticed a dire elephant
  4570 | D        | Noticed an ironbound preserver
  4570 | D        | Noticed a vault warden
  4577 | D        | Killed an ironbound preserver
  4577 | D        | Received a gift from Sif Muna
  4578 | D        | Noticed a purple very ugly thing
  4581 | D        | Killed a vault warden
  4586 | D        | Noticed a dire elephant
  4588 | D        | Killed a purple very ugly thing
  4589 | D        | Killed a dire elephant
  4595 | D        | Received a gift from Sif Muna
  4596 | D        | Noticed an ironbound preserver
  4599 | D        | Noticed a vault warden
  4602 | D        | Killed a dire elephant
  4613 | D        | Noticed a vault warden
  4614 | D        | Killed a vault warden
  4615 | D        | Reached XP level 15. HP: 107/132 MP: 35/35
  4623 | D        | Killed a vault warden
  5205 | D        | Got Towacit's Parchment of Conjuring {god gift}
  5205 | D        | Got Sif Muna's Codex of Production and Poison {god gift}
  5223 | D        | Received a gift from Sif Muna
  5272 | D        | Noticed Mennas
  5330 | D        | Killed Mennas
  5548 | D        | Learned a level 6 spell: Statue Form
  5572 | D        | Noticed Frederick
  5599 | D        | Killed Frederick
  5738 | D        | Noticed Xtahua
  5756 | D        | Killed Xtahua
  5859 | D        | Received a gift from Sif Muna
  5866 | D        | Reached skill level 15 in Ice Magic
  5874 | D        | Received a gift from Sif Muna
  5877 | D        | Reached skill level 15 in Conjurations
  5877 | D        | Reached skill level 15 in Hexes
  5877 | D        | Reached skill level 15 in Summonings
  5877 | D        | Reached skill level 15 in Necromancy
  5877 | D        | Reached skill level 15 in Translocations
  5877 | D        | Reached skill level 15 in Transmutations
  5877 | D        | Reached skill level 15 in Fire Magic
  5877 | D        | Reached skill level 15 in Air Magic
  5877 | D        | Reached skill level 15 in Earth Magic
  5877 | D        | Reached skill level 15 in Poison Magic
  5877 | D        | Got Ekloatem's Textbook on Excruciating Shapeshifting {god
                  | gift}
  5877 | D        | Got Zezxut's Encyclopedia of Flaming Imprecation {god gift}
  5890 | D        | Got a decaying rune of Zot
  5975 | D        | Noticed an emperor scorpion
  5978 | D        | Killed a ghost moth
  5981 | D        | Noticed an emperor scorpion
  5988 | D        | Killed a ghost moth
  5989 | D        | Killed a ghost moth
  5989 | D        | Received a gift from Sif Muna
  5990 | D        | Killed an emperor scorpion
  5997 | D        | Killed a ghost moth
  5998 | D        | Noticed an emperor scorpion
  6000 | D        | Noticed an emperor scorpion
  6004 | D        | Killed an emperor scorpion
  6009 | D        | Killed an emperor scorpion
  6009 | D        | Received a gift from Sif Muna
  6015 | D        | Killed an emperor scorpion
  6025 | D        | Got a gossamer rune of Zot
  6051 | D        | Noticed a nagaraja
  6051 | D        | Noticed a nagaraja
  6054 | D        | Killed a nagaraja
  6054 | D        | Received a gift from Sif Muna
  6054 | D        | Noticed a nagaraja
  6055 | D        | Reached XP level 16. HP: 145/145 MP: 14/38
  6061 | D        | Noticed a nagaraja
  6062 | D        | Killed a nagaraja
  6063 | D        | Killed a nagaraja
  6066 | D        | Noticed a nagaraja
  6071 | D        | Killed a nagaraja
  6073 | D        | Killed a nagaraja
  6074 | D        | Received a gift from Sif Muna
  6077 | D        | Got Sif Muna's Enchiridion on the Scorching Welkin {god
                  | gift}
  6183 | D        | Got a serpentine rune of Zot
  6193 | D        | Noticed Ilsuiw
  6199 | D        | Received a gift from Sif Muna
  6206 | D        | Killed Ilsuiw
  6234 | D        | Got a barnacled rune of Zot
  6265 | D        | Noticed Boris
  6286 | D        | Killed Boris
  6405 | D        | Received a gift from Sif Muna
  6409 | D        | Got Nerostiu's Octavo of Airy Rime {god gift}
  6425 | D        | Received a gift from Sif Muna
  6453 | D        | Received a gift from Sif Muna
  6472 | D        | Got Sif Muna's Catalogue of Twisted Production {god gift}
  6592 | D        | Noticed a storm dragon
  6596 | D        | Received a gift from Sif Muna
  6602 | D        | Killed a storm dragon
  6611 | D        | Noticed a shadow dragon
  6612 | D        | Received a gift from Sif Muna
  6613 | D        | Reached XP level 17. HP: 155/155 MP: 18/41
  6757 | D        | Got Sif Muna's Tome of Grim Bewitchment {god gift}
  6757 | D        | Got Sif Muna's Vellum of Overcast Assembling {god gift}
  6795 | D        | Noticed a golden dragon
  6795 | D        | Noticed a golden dragon
  6859 | D        | Noticed an ancient lich
  6861 | D        | Received a gift from Sif Muna
  6866 | D        | Killed a golden dragon
  6871 | D        | Killed an ancient lich
  6880 | D        | Killed a golden dragon
  6882 | D        | Got Sif Muna's Omnibus of Variation and Death {god gift}
  7151 | D        | Got a silver rune of Zot
  7202 | D        | Noticed Louise
  7220 | D        | Killed Louise
  7223 | D        | Noticed Nergalle
  7226 | D        | Killed Nergalle
  7253 | D        | Noticed Sojobo
  7259 | D        | Received a gift from Sif Muna
  7260 | D        | Killed Sojobo
  7326 | D        | Got the ring of the Sun {rC+ Will++ rCorr Int+4 Slay-5}
  7329 | D        | Got the ring of the Heavens {rPois rN+ Will+ MP+9 Int+3}
  7334 | D        | Got the ring "Wujalesu" {Fly rElec rC- Will++ rCorr}
  7340 | D        | Got the amulet "Peleclah" {RegenMP Contam rElec rPois
                  | Dex+4}
  7347 | D        | Got the ring of the Middle {rPois Will+ Str-2 Dex+3 Slay+3}
  7357 | D        | Got the +5 double sword of the Chickpea {freeze, rC++ Str+4
                  | Dex-3}
  7624 | D        | Noticed Mara
  7636 | D        | Learned a level 8 spell: Ignition
  7644 | D        | Learned a level 7 spell: Spellforged Servitor
  7693 | D        | Killed Mara
  7724 | D        | Noticed Agnes
  7730 | D        | Killed Agnes
  7759 | D        | Noticed a lich
  7759 | D        | Noticed a caustic shrike
  7762 | D        | Killed a lich
  7762 | D        | Received a gift from Sif Muna
  7762 | D        | Killed a caustic shrike
  7764 | D        | Got Sif Muna's Book of Gelid Transfiguration {god gift}
  7795 | D        | Received a gift from Sif Muna
  7810 | D        | Received a gift from Sif Muna
  7813 | D        | Got Sif Muna's Almanac of Hexing {god gift}
  7916 | D        | Noticed a death cob
  7916 | D        | Noticed a curse toe
  7920 | D        | Reached XP level 18. HP: 169/169 MP: 24/44
  7924 | D        | Killed a curse toe
  7924 | D        | Received a gift from Sif Muna
  8051 | D        | Received a gift from Sif Muna
  8052 | D        | Noticed a tentacled monstrosity
  8060 | D        | Killed a tentacled monstrosity
  8060 | D        | Received a gift from Sif Muna
  8181 | D        | Received a gift from Sif Muna
  8182 | D        | Got Sif Muna's Tractate on Necromancy and the Mountains
                  | {god gift}
  8296 | D        | Noticed a golden dragon
  8306 | D        | Killed a golden dragon
  8429 | D        | Learned a level 7 spell: Orb of Destruction
  8431 | D        | Noticed an Orb Guardian
  8431 | D        | Noticed an Orb Guardian
  8431 | D        | Noticed an Orb Guardian
  8431 | D        | Noticed an Orb Guardian
  8431 | D        | Noticed an Orb Guardian
  8431 | D        | Noticed an Orb Guardian
  8434 | D        | Killed an Orb Guardian
  8435 | D        | Killed an Orb Guardian
  8435 | D        | Noticed an Orb Guardian
  8436 | D        | Killed an Orb Guardian
  8437 | D        | Killed an Orb Guardian
  8437 | D        | Noticed an Orb Guardian
  8438 | D        | Killed an Orb Guardian
  8438 | D        | Killed an Orb Guardian
  8438 | D        | Killed an Orb Guardian
  8438 | D        | Noticed an Orb Guardian
  8439 | D        | Noticed an Orb Guardian
  8442 | D        | Killed an Orb Guardian
  8446 | D        | Killed an Orb Guardian
  8447 | D        | Killed an Orb Guardian
  8503 | D        | Noticed a golden dragon
  8503 | D        | Noticed an Orb Guardian
  8503 | D        | Noticed an Orb Guardian
  8503 | D        | Noticed an electric golem
  8508 | D        | Killed an Orb Guardian
  8509 | D        | Killed an electric golem
  8509 | D        | Killed an Orb Guardian
  8509 | D        | Noticed an Orb Guardian
  8509 | D        | Noticed an Orb Guardian
  8519 | D        | Killed a golden dragon
  8524 | D        | Killed an Orb Guardian
  8525 | D        | Killed an Orb Guardian
  8668 | D        | Noticed an ancient lich
  8671 | D        | Killed an ancient lich
  8672 | D        | Reached XP level 19. HP: 182/182 MP: 47/47
  8674 | D        | Noticed an orb of fire
  8677 | D        | Gained mutation: You are dopey. (Int -2) [an orb of fire]
  8683 | D        | Gained mutation: You sometimes lose your temper in combat.
                  | [an orb of fire]
  8684 | D        | Gained mutation: You are weak. (Str -2) [an orb of fire]
  8685 | D        | Gained mutation: Your body sometimes deteriorates upon
                  | taking damage. [an orb of fire]
  8693 | D        | Killed an orb of fire
  8992 | D        | Noticed an electric golem
  8995 | D        | Killed an electric golem
  8998 | D        | Noticed an ancient lich
  8998 | D        | Noticed an orb of fire
  8998 | D        | Noticed an ancient lich
  9014 | D        | Killed an ancient lich
  9045 | D        | Killed an orb of fire
  9057 | D        | Killed an ancient lich
  9091 | D        | Noticed an orb of fire
  9092 | D        | Noticed an ancient lich
  9123 | D        | Killed an orb of fire
  9124 | D        | Reached skill level 27 in Invocations
  9290 | D        | Noticed an electric golem
  9296 | D        | Killed an ancient lich
  9299 | D        | Noticed a Killer Klown
  9306 | D        | Noticed an ancient lich
  9324 | D        | Killed an ancient lich
  9327 | D        | Killed an electric golem
  9342 | D        | Killed a Killer Klown
  9614 | D        | Noticed an ancient lich
  9620 | D        | Killed an ancient lich
  9639 | D        | Reached skill level 27 in Shields
  9639 | D        | Reached XP level 20. HP: 195/195 MP: 50/50
  9650 | D        | Paralysed by something for 3 turns
  9735 | D        | Reached skill level 27 in Fighting
  9735 | D        | Reached skill level 27 in Armour
  9735 | D        | Reached skill level 27 in Dodging
  9735 | D        | Reached skill level 27 in Stealth
  9735 | D        | Reached skill level 27 in Spellcasting
  9735 | D        | Reached skill level 27 in Evocations
  9748 | D        | Reached skill level 27 in Short Blades
  9748 | D        | Reached skill level 27 in Long Blades
  9748 | D        | Reached skill level 27 in Axes
  9748 | D        | Reached skill level 27 in Maces & Flails
  9748 | D        | Reached skill level 27 in Polearms
  9748 | D        | Reached skill level 27 in Staves
  9748 | D        | Reached skill level 27 in Ranged Weapons
  9748 | D        | Reached skill level 27 in Throwing
  9748 | D        | Reached skill level 27 in Unarmed Combat
  9776 | D        | Got an elven rune of Zot
  9906 | D        | Noticed the Royal Jelly
  9919 | D        | Killed the Royal Jelly
  9956 | D        | Got a slimy rune of Zot
 10063 | D        | Learned a level 8 spell: Necromutation
 10323 | D        | Noticed a royal mummy
 10330 | D        | Killed a royal mummy
 10355 | D        | Noticed a royal mummy
 10355 | D        | Noticed a royal mummy
 10355 | D        | Noticed a royal mummy
 10355 | D        | Noticed a royal mummy
 10356 | D        | Noticed a royal mummy
 10360 | D        | Killed a royal mummy
 10363 | D        | Killed a royal mummy
 10364 | D        | Noticed a royal mummy
 10366 | D        | Killed a royal mummy
 10366 | D        | Killed a royal mummy
 10367 | D        | Reached XP level 21. HP: 142/204 MP: 33/52
 10367 | D        | Killed a royal mummy
 10368 | D        | Reached skill level 27 in Ice Magic
 10370 | D        | Killed a royal mummy
 10371 | D        | Reached skill level 27 in Conjurations
 10371 | D        | Reached skill level 27 in Hexes
 10371 | D        | Reached skill level 27 in Summonings
 10371 | D        | Reached skill level 27 in Necromancy
 10371 | D        | Reached skill level 27 in Translocations
 10371 | D        | Reached skill level 27 in Transmutations
 10371 | D        | Reached skill level 27 in Fire Magic
 10371 | D        | Reached skill level 27 in Air Magic
 10371 | D        | Reached skill level 27 in Earth Magic
 10371 | D        | Reached skill level 27 in Poison Magic
 10376 | D        | Got a golden rune of Zot
 10389 | D        | Learned a level 9 spell: Fire Storm
 10554 | D        | Got an abyssal rune of Zot
 10678 | D        | Noticed Geryon
 10700 | D        | Killed Geryon
 10782 | D        | Found the +4 staff of Dispater
 10782 | D        | Noticed Dispater
 10782 | D        | Noticed Antaeus
 10783 | D        | Noticed Lom Lobon
 10792 | D        | Found the +7 sceptre of Asmodeus
 10792 | D        | Noticed Asmodeus
 10796 | D        | Killed Antaeus
 11079 | D        | Killed Dispater
 11352 | D        | Killed Lom Lobon
 11375 | D        | Noticed Mnoleg
 11401 | D        | Killed Mnoleg
 11476 | D        | Got an icy rune of Zot
 11497 | D        | Killed Asmodeus
 11499 | D        | Got an iron rune of Zot
 11499 | D        | Noticed Ereshkigal
 11512 | D        | Found the +6 sword of Cerebov {flame}
 11512 | D        | Noticed Cerebov
 11515 | D        | Killed Ereshkigal
 11515 | D        | Noticed Gloorx Vloq
 11527 | D        | Killed Gloorx Vloq
 11839 | D        | Killed Cerebov
 12209 | D        | Got a magical rune of Zot
 12213 | D        | Got an obsidian rune of Zot
 12218 | D        | Got a glowing rune of Zot
 12222 | D        | Got a bone rune of Zot
 12226 | D        | Got a fiery rune of Zot
 12230 | D        | Got a dark rune of Zot
 12480 | D        | Got the Orb of Zot
 12888 | D        | Noticed Kop Weps the pandemonium lord
 12892 | D        | Killed Kop Weps the pandemonium lord
 13009 | D        | Killed from afar by a daeva

Illustrated notes

Levels and vault maps discovered:
D:        linesprint [early_d, line_temple, items_1, d_10, items_2, lair_1,
          lair_end, items_3, orc_1, orc_end, items_4, d_15, swamp_1, shoals_1,
          snake_1, spider_1, d_20, vaults_1, items_5, swamp_end, shoals_end,
          snake_end, spider_end, vaults_end, d_27, items_6, zot_1, zot_end,
          crypt_end, forest_end, elf_end, slime_end, tomb_end, abyss_end,
          pan_hell_end]

Skill      XL: |  1  2  3  4  5  6  7  8  9 10 11 12 13 14 15 16 17 18 19 20 21 |
---------------+----------------------------------------------------------------+-----
Ice Magic      | 2 3 4 6 7 8 10 11 12 14 15 17 19 20 22 26 27 | 27.0
Invocations    | 1 2 3 4 5 7 8 9 11 12 14 15 17 19 21 23 26 27 | 27.0
Short Blades   | 1 2 3 5 6 8 10 11 12 14 16 18 20 22 24 26 27 | 27.0
Long Blades    | 1 2 3 5 6 8 10 11 12 14 16 18 20 22 24 26 27 | 27.0
Axes           | 1 2 3 5 6 8 10 11 12 14 16 18 20 22 24 26 27 | 27.0
Maces & Flails | 1 2 3 5 6 8 10 11 12 14 16 18 20 22 24 26 27 | 27.0
Polearms       | 1 2 3 5 6 8 10 11 12 14 16 18 20 22 24 26 27 | 27.0
Staves         | 1 2 3 5 6 8 10 11 12 14 16 18 20 22 24 26 27 | 27.0
Ranged Weapons | 1 2 3 5 6 8 10 11 12 14 16 18 20 22 24 26 27 | 27.0
Throwing       | 1 2 3 5 6 8 10 11 12 14 16 18 20 22 24 26 27 | 27.0
Unarmed Combat | 1 2 3 5 6 8 10 11 12 14 16 18 20 22 24 26 27 | 27.0
Spellcasting   | 3 4 5 6 7 8 9 10 11 13 14 16 18 20 22 24 26 27 | 27.0
Fighting       | 3 4 5 7 8 9 10 11 13 14 16 18 20 22 24 26 27 | 27.0
Armour         | 3 4 5 7 8 9 10 11 13 14 16 18 20 22 24 26 27 | 27.0
Dodging        | 3 4 5 7 8 9 10 11 13 14 16 18 20 22 24 26 27 | 27.0
Stealth        | 3 4 5 7 8 9 10 11 13 14 16 18 20 22 24 26 27 | 27.0
Conjurations   | 1 2 3 4 5 6 7 8 9 11 12 13 15 17 19 20 22 26 27 | 27.0
Hexes          | 1 2 3 4 5 6 7 8 9 11 12 13 15 17 19 20 22 26 27 | 27.0
Summonings     | 1 2 3 4 5 6 7 8 9 11 12 13 15 17 19 20 22 26 27 | 27.0
Necromancy     | 1 2 3 4 5 6 7 8 9 11 12 13 15 17 19 20 22 26 27 | 27.0
Translocations | 1 2 3 4 5 6 7 8 9 11 12 13 15 17 19 20 22 26 27 | 27.0
Transmutations | 1 2 3 4 5 6 7 8 9 11 12 13 15 17 19 20 22 26 27 | 27.0
Fire Magic     | 1 2 3 4 5 6 7 8 9 11 12 13 15 17 19 20 22 26 27 | 27.0
Air Magic      | 1 2 3 4 5 6 7 8 9 11 12 13 15 17 19 20 22 26 27 | 27.0
Earth Magic    | 1 2 3 4 5 6 7 8 9 11 12 13 15 17 19 20 22 26 27 | 27.0
Poison Magic   | 1 2 3 4 5 6 7 8 9 11 12 13 15 17 19 20 22 26 27 | 27.0
Evocations     | 3 4 5 7 8 9 10 11 13 14 16 18 20 22 24 26 27 | 27.0
Shields        | 7 8 9 10 11 12 13 14 15 17 19 21 22 24 27 | 27.0

Action                   |  1- 3 |  4- 6 |  7- 9 | 10-12 | 13-15 | 16-18 | 19-21 || total
-------------------------+-------+-------+-------+-------+-------+-------+-------++-------
Melee: Dagger            |    43 |    31 |       |       |       |       |       ||    74
       Bite              |     3 |     7 |     5 |    12 |    12 |    22 |    16 ||    77
       Rapier            |       |    18 |    15 |       |       |     1 |     2 ||    36
       Morningstar       |       |       |    13 |    17 |       |       |       ||    30
       Scimitar          |       |       |       |    66 |   151 |   119 |    18 ||   354
       Double sword      |       |       |       |       |       |    52 |   120 ||   172
Throw: Boomerang         |       |       |       |       |    30 |    37 |       ||    67
       Javelin           |       |       |       |       |       |     7 |    15 ||    22
 Cast: Ozocubu's Armour  |       |       |     4 |     7 |     5 |       |       ||    16
       Lightning Bolt    |       |       |       |    35 |    71 |    25 |       ||   131
       Borgnjor's Vile C |       |       |       |    36 |    78 |    77 |    52 ||   243
       Freezing Cloud    |       |       |       |     7 |    13 |     8 |     3 ||    31
       Yara's Violent Un |       |       |       |     5 |     1 |       |       ||     6
       Passage of Golubr |       |       |       |       |    20 |     9 |    52 ||    81
       Fire Storm        |       |       |       |       |     7 |       |    78 ||    85
       Manifold Assault  |       |       |       |       |    36 |    21 |     4 ||    61
       Statue Form       |       |       |       |       |     4 |    16 |     2 ||    22
       Blink             |       |       |       |       |     2 |       |    50 ||    52
       Irradiate         |       |       |       |       |     1 |    10 |     6 ||    17
       Ignition          |       |       |       |       |       |    30 |    84 ||   114
       Spellforged Servi |       |       |       |       |       |    11 |    31 ||    42
       Orb of Destructio |       |       |       |       |       |       |    54 ||    54
       Necromutation     |       |       |       |       |       |       |    12 ||    12
Invok: Channel Magic     |       |       |       |    11 |    23 |    17 |    26 ||    77
       Divine Exegesis   |       |       |       |       |     7 |       |       ||     7
       Forget Spell      |       |       |       |       |       |       |     2 ||     2
 Abil: End Transformatio |       |       |       |       |       |       |     7 ||     7
Evoke: Wand              |       |       |     6 |     1 |     2 |       |       ||     9
  Use: Potion            |     2 |     3 |     1 |       |     2 |       |     7 ||    15
       Scroll            |     1 |       |     4 |       |     4 |     1 |     4 ||    14
 Stab: Invisible         |       |     3 |     5 |       |       |       |       ||     8
       Sleeping          |       |       |       |       |       |     1 |     7 ||     8
Armor: Scale mail        |    10 |    14 |     1 |       |       |       |       ||    25
       Troll leather arm |       |       |     1 |     3 |       |       |       ||     4
       Ring mail         |       |       |       |     4 |     1 |       |       ||     5
       Swamp dragon scal |       |       |       |       |    23 |     3 |       ||    26
       Skin              |       |       |       |       |    56 |    65 |    18 ||   139
       Fire dragon scale |       |       |       |       |       |     3 |    40 ||    43
Dodge: Dodged            |     5 |    24 |    16 |    42 |   114 |   132 |    63 ||   396
Block: Buckler           |     8 |    17 |     7 |    42 |    41 |       |       ||   115
       Tower shield      |       |       |       |       |    64 |   192 |   128 ||   384

Table legend: (Time is in decaauts) A = Elapsed time spent in this place. B = Non-inter-level travel time spent in this place. C = Inter-level travel time spent in this place. D = Time resting spent in this place. E = Time spent auto-exploring this place. F = Levels seen in this place. G = Mean time per level. A B C D E F G +--------+--------+--------+--------+--------+-----+--------+ Total | 13406 | 13406 | 0 | 5751 | 0 | 1 | 13406.0 | Dungeon | 13406 | 13406 | 0 | 5751 | 0 | 1 | 13406.0 | +--------+--------+--------+--------+--------+-----+--------+

Top non-repeatable levels by time:
       D: 13406 daAuts
